 Dungeon Crawl Stone Soup version 0.17-a0-1646-geb1493d (console) character file.

231 Monkaria the Conjurer (level 5, 0/28 HPs)
             Began as a Deep Elf Conjurer on Aug 10, 2015.
             Slain by Menkaure (7 damage)
             ... on level 4 of the Dungeon.
             The game lasted 00:06:48 (2507 turns).

Monkaria the Conjurer (Deep Elf Conjurer)           Turns: 2507, Time: 00:06:48

Health: 0/28       AC:  7    Str:  5    XL:     5   Next: 72%
Magic:  6/14       EV: 14    Int: 21    God:
Gold:   226        SH:  0    Dex: 20    Spells: 3 memorised, 6 levels left

rFire  . . .     SeeInvis .     (no weapon)
rCold  + . .     Clarity  .     m - +1 leather armour {rC+}
rNeg   . . .     SustAt   .     (no shield)
rPois  .         Gourm    .     z - +1 helmet
rElec  .         Spirit   .     f - +0 cloak
rCorr  .         Warding  .     (no gloves)
rMut   .         Rnd*Tele +     (no boots)
MR     .....                    l - amulet of rage
Stlth  +++.......               x - ring of teleportation (curse)
                                g - -3 ring of evasion (curse)

@: agile, not resistant to hostile enchantments, fairly stealthy
A: no striking features
a: Evoke Berserk Rage, Evoke Teleportation


You were on level 4 of the Dungeon.
You were not hungry.

You visited 1 branch of the dungeon, and saw 4 of its levels.

You collected 226 gold pieces.

Inventory:

Missiles
 w - 20 poisoned needles
Armour
 f - a +0 cloak (worn)
 m - a +1 leather armour of cold resistance (worn)
 z - a +1 helmet (worn)
Jewellery
 g - a cursed -3 ring of evasion (left hand)
 l - an amulet of rage (around neck)
 q - an uncursed ring of wizardry
 v - an uncursed ring of magical power
 x - a cursed ring of teleportation (right hand)
Magical devices
 t - a wand of lightning (7)
Scrolls
 o - 2 scrolls of teleportation
 p - 2 scrolls of amnesia
Potions
 a - 2 potions of haste
 e - a potion of cure mutation
 i - a potion of lignification
 A - a potion of degeneration {unknown}
Books
 b - a book of Conjurations

   Spells                             Type                      Level
   a - Magic Dart                     Conjuration                  1
   b - Searing Ray                    Conjuration                  2
   c - Dazzling Spray                 Conjuration/Hexes            3
   d - Fulminant Prism                Conjuration/Hexes            4
   e - Iskenderun's Mystic Blast      Conjuration                  4
   f - Iskenderun's Battlesphere      Conjuration/Charms           5
Comestibles
 c - 5 bread rations
 h - 2 meat rations
 j - 9 fruits
 n - a beef jerky
 r - a slice of pizza


   Skills:
 - Level 2.4 Dodging
 - Level 2.4 Stealth
 + Level 4.8 Spellcasting
 - Level 7.0 Conjurations


You had 6 spell levels left.
You knew the following spells:

 Your Spells              Type           Power        Failure   Level  Hunger
a - Magic Dart            Conj           ####         1%          1    None
b - Searing Ray           Conj           ####..       1%          2    None
c - Iskenderun's Mystic   Conj           ####....     12%         4    ####...


Dungeon Overview and Level Annotations

Branches:
Dungeon (4/15)
 Temple: D:4-7

Altars:
Gozag
Makhleb

Annotations:
D:4 Menkaure


Message History

You feel sick.
Menkaure shouts!
Drink which item? (? for menu, Esc to quit)
You feel better.
Menkaure casts a spell.
Menkaure seems to speed up.
Menkaure points at you and mumbles some strange words.
Pain shoots through your body!
Ouch! That really hurt!
* * * LOW HITPOINT WARNING * * *
Casting: Searing Ray
Confirm with . or Enter, or press ? or * to list all spells.
Okay, then.
Drink which item? (? for menu, Esc to quit)
It was a potion of cancellation.
You feel magically purged.
Drink which item? (? for menu, Esc to quit)
It was a potion of agility.
You feel agile all of a sudden. Menkaure hits you!
You die...

#..#..## #.##.##
#....# ##..### #
#...# . #...# .#
###.### # #.##
##.....##
.####...#
#.8..@8.# ...#..#
#.....M.# .....#
#....._.....#
.....#
#.#.......###
.....# #.#.8...8.#
.....##.#.
##.....##
....[...#. ###.###
........(.. #..#
..##.).....####..#


You could see Menkaure.

Vanquished Creatures
  A scorpion (D:4)
  A worker ant (D:4)
  A gnoll (D:1)
  5 adders
  5 oozes
  3 worms
  A giant gecko (D:1)
  An orc (D:3)
  2 ball pythons (D:1)
  2 giant cockroaches
  9 hobgoblins
  4 jackals (D:3)
  6 kobolds
  9 bats
  2 giant newts
  10 goblins
  8 rats
70 creatures vanquished.

Notes
Turn   | Place    | Note
--------------------------------------------------------------
     0 | D:1      | Monkaria the Deep Elf Conjurer began the quest for the Orb.
     0 | D:1      | Reached XP level 1. HP: 10/10 MP: 6/6
   130 | D:1      | Reached skill level 5 in Conjurations
   130 | D:1      | Reached XP level 2. HP: 9/15 MP: 0/8
   398 | D:1      | Reached XP level 3. HP: 19/19 MP: 3/9
   915 | D:2      | Reached skill level 6 in Conjurations
  1093 | D:2      | Reached XP level 4. HP: 24/24 MP: 6/10
  1097 | D:2      | Learned a level 2 spell: Searing Ray
  1102 | D:2      | Learned a level 4 spell: Iskenderun's Mystic Blast
  1706 | D:3      | Found a burning altar of Makhleb.
  2162 | D:3      | Reached skill level 7 in Conjurations
  2162 | D:3      | Reached XP level 5. HP: 28/28 MP: 11/11
  2498 | D:4      | Found an opulent altar of Gozag.
  2500 | D:4      | Noticed Menkaure
  2507 | D:4      | Slain by Menkaure

Vault maps used:
D:1:      dpeg_arrival_chambers_temple_mockup
D:3:      lemuel_doored_altar, first_bread
D:4:      grunt_gozag_statues, uniq_menkaure

Action                   |  1- 3 |  4- 6 || total
-------------------------+-------+-------++-------
Melee: Unarmed           |     3 |       ||     3
 Cast: Magic Dart        |    68 |    72 ||   140
       Searing Ray       |       |     6 ||     6
  Use: Scroll            |     5 |     4 ||     9
       Potion            |       |     3 ||     3
  Eat: Chunk             |       |     5 ||     5
